 Dungeon Crawl Stone Soup version 0.23-a0-622-g59b4ea9c50 (webtiles) character file.

372 Morenatsu the Conjurer (level 6, -6/45 HPs)
             Began as a Demigod Conjurer on Dec 24, 2018.
             Killed from afar by Ijyb (27 damage)
             ... with a wand of acid (10)
             ... on level 4 of the Dungeon.
             The game lasted 00:13:25 (5223 turns).

Morenatsu the Conjurer (Demigod Conjurer)           Turns: 5223, Time: 00:13:26

Health: -6/45      AC:  2    Str: 11    XL:     6   Next: 19%
Magic:  16/16      EV: 12    Int: 21    God:
Gold:   141        SH:  0    Dex: 18    Spells: 10/13 levels left

rFire    . . .     SeeInvis .   d - +0 whip
rCold    . . .     Gourm    .   (no shield)
rNeg     + . .     Faith    .   a - +0 robe
rPois    .         Spirit   .   (no helmet)
rElec    .         Reflect  .   (no cloak)
rCorr    .         Harm     .   (no gloves)
MR       .....                  (no boots)
Stlth    ++........             (no amulet)
HPRegen  0.15/turn              b - ring of positive energy
MPRegen  0.15/turn              (no ring)

@: no status effects
A: agile 1, dopey 1, high mp 1, sturdy frame 1
a: no special abilities


You were on level 4 of the Dungeon.
You were not hungry.

You visited 1 branch of the dungeon, and saw 4 of its levels.

You collected 141 gold pieces.

Inventory:

Hand Weapons
 d - a +0 whip (weapon)
Armour
 a - a +0 robe (worn)
Jewellery
 b - a ring of positive energy (left hand)
Wands
 e - a wand of flame (25)
Scrolls
 k - a scroll of teleportation
Potions
 f - 3 potions of cancellation
 g - 2 potions of haste
 h - 2 potions of curing
 j - a potion of agility {unknown}
 l - a potion of berserk rage {unknown}
Comestibles
 c - 5 rations
 i - 2 chunks of flesh


   Skills:
 - Level 1.7 Dodging
 - Level 1.7 Stealth
 - Level 4.4 Spellcasting
 + Level 5.4 Conjurations


You had 10 spell levels left.
You knew the following spells:

 Your Spells              Type           Power        Failure   Level  Hunger
a - Magic Dart            Conj           ####         1%          1    None
b - Searing Ray           Conj           ####..       1%          2    #......

Your spell library contained the following spells:

 Spells                   Type           Power        Failure   Level  Hunger
 Dazzling Spray           Conj/Hex       ###...       11%         3    ##.....
 Corona                   Hex            #......      12%         1    None
 Iskenderun's Mystic Bla  Conj           ####....     12%         4    ####...
 Ensorcelled Hibernation  Hex/Ice        #.....       17%         2    #......
 Confuse                  Hex            #.......     34%         3    ##.....
 Tukima's Dance           Hex            #.......     34%         3    ##.....
 Force Lance              Conj/Tloc      ###.....     36%         4    ####...
 Fulminant Prism          Conj/Hex       ###.......   36%         4    ####...


Dungeon Overview and Level Annotations

Branches:
Dungeon (4/15)
 Temple: D:4-7

Annotations:
D:4 Ijyb


Innate Abilities, Weirdness & Mutations

You have an increased reservoir of magic. (+10% MP)
You are agile. (Dex +2)
You are dopey. (Int -2)
Your movements are slightly less encumbered by armour. (ER -2)


Message History

Press: ? - help, Shift-Dir - straight line, f/p - jackal
Aim: a jackal (moderately wounded)
The magic dart hits the jackal.
You kill the jackal!
You start resting.
Magic restored.
You start waiting.
Some of the chunks of flesh in your inventory have rotted away.
Done waiting.
You see here a jackal skeleton.
Found 8 tomahawks.
Found a stone staircase leading down.
Ijyb the Twisted Goblin comes into view.
She is carrying a wand of acid (11).
An adder comes into view.
Ijyb shouts!
The adder hisses angrily.
Ijyb zaps a wand.
The bolt of acid hits you!
You are splashed with acid!
The acid burns!
Ijyb zaps a wand.
The bolt of acid hits you!
Ouch! That really hurt!
You die...

####### #...(.# #.###.#
#.....#######
#[..##......#
######...##.####.#
#........##.# #.#
#.@.....<##.# #.#
#######..###.(.##.# #.#
..^...............####.##
##..g>............รท......
#..#S#..#.###########.##
#..$...(..# ####...
#.......... .........
.....######## ######.#.
....# #)..


You could see Ijyb and an adder.

Vanquished Creatures
  A hound (D:4)
  Terence (D:3)
  Natasha (thrice) (D:3)
  2 worker ants (D:4)
  2 gnolls (D:2)
  7 adders
  An ooze (D:2)
  3 worms
  3 dart slugs (D:2)
  3 leopard geckos
  6 orcs
  A ball python (D:3)
  4 giant cockroaches
  4 goblins
  5 hobgoblins
  15 jackals
  2 quokkas (D:2)
  A ball python skeleton (D:4)
  8 bats
  3 frilled lizards
  11 kobolds
  4 rats
90 creatures vanquished.

Notes
Turn   | Place    | Note
-------+----------+-------------------------------------------
     0 | D:1      | Morenatsu the Demigod Conjurer began the quest for the Orb.
     0 | D:1      | Reached XP level 1. HP: 14/14 MP: 5/5
   776 | D:1      | Reached XP level 2. HP: 20/20 MP: 4/8
  1751 | D:2      | Reached XP level 3. HP: 26/26 MP: 1/10
  1886 | D:2      | Learned a level 2 spell: Searing Ray
  2160 | D:2      | Reached XP level 4. HP: 9/33 MP: 0/12
  3295 | D:3      | Gained mutation: You are dopey. (Int -2) [potion of
                  | mutation]
  3295 | D:3      | Gained mutation: Your flesh is cold resistant. (rC+)
                  | [potion of mutation]
  3295 | D:3      | Gained mutation: You are partially covered in slimy green
                  | scales. (AC +2) [potion of mutation]
  3296 | D:3      | Lost mutation: Your flesh is cold resistant. (rC+) [potion
                  | of mutation]
  3296 | D:3      | Lost mutation: You are dopey. (Int -2) [potion of mutation]
  3296 | D:3      | Lost mutation: You are partially covered in slimy green
                  | scales. (AC +2) [potion of mutation]
  3296 | D:3      | Gained mutation: You are agile. (Dex +2) [potion of
                  | mutation]
  3296 | D:3      | Gained mutation: Your movements are slightly less
                  | encumbered by armour. (ER -2) [potion of mutation]
  3296 | D:3      | Gained mutation: You are covered in fur. (AC +1) [potion of
                  | mutation]
  3297 | D:3      | Lost mutation: You are covered in fur. (AC +1) [potion of
                  | mutation]
  3297 | D:3      | Lost mutation: Your movements are slightly less encumbered
                  | by armour. (ER -2) [potion of mutation]
  3297 | D:3      | Gained mutation: You are dopey. (Int -2) [potion of
                  | mutation]
  3297 | D:3      | Gained mutation: Your movements are slightly less
                  | encumbered by armour. (ER -2) [potion of mutation]
  3389 | D:3      | Reached XP level 5. HP: 34/38 MP: 9/14
  3420 | D:3      | Noticed Natasha
  3428 | D:3      | HP: 1/38 [white imp/puff of frost[Natasha] (8)]
  3429 | D:3      | Killed Natasha
  3429 | D:3      | Reached skill level 4 in Conjurations
  3744 | D:3      | Noticed Terence
  3939 | D:3      | Killed Terence
  4168 | D:3      | Found a shadowy altar of Dithmenos.
  4349 | D:4      | Found a glowing golden altar of the Shining One.
  4546 | D:4      | Reached skill level 5 in Conjurations
  4552 | D:3      | Noticed Natasha
  4847 | D:3      | Killed Natasha
  4847 | D:3      | Reached XP level 6. HP: 20/45 MP: 11/16
  4858 | D:3      | Noticed Natasha
  4866 | D:3      | Killed Natasha
  5216 | D:4      | Noticed Ijyb
  5223 | D:4      | Killed from afar by Ijyb

Vault maps used:
D:1:      dpeg_arrival_water_temple_mockup
D:2:      first_ration
D:3:      corexii_shack_village, nicolae_dithmenos_through_a_glass_darkly,
          uniq_terence, uniq_natasha
D:4:      tso_metal_star, uniq_ijyb

Skill      XL: |  1  2  3  4  5 |
---------------+----------------+-----
Spellcasting   | 2 3 4 |  4.4
Conjurations   | 5 |  5.4
Dodging        | |  1.7
Stealth        | |  1.7

Action                   |  1- 3 |  4- 6 || total
-------------------------+-------+-------++-------
Melee: Unarmed           |     7 |       ||     7
       Spear             |     5 |       ||     5
       Whip              |    25 |    52 ||    77
 Cast: Magic Dart        |    58 |   129 ||   187
       Searing Ray       |     5 |     9 ||    14
  Use: Scroll            |     2 |     5 ||     7
       Potion            |       |     5 ||     5
 Stab: Sleeping          |     3 |     1 ||     4
  Eat: Chunk             |     4 |     9 ||    13
Armor: Robe              |     5 |    21 ||    26
Dodge: Dodged            |    30 |    57 ||    87

Table legend:
 A = Non-vault XP
 B = Vault XP
 C = Vault XP percentage of total XP
 D = Non-vault monster count
 E = Vault monster count
 F = Vault count percentage of total count
                 A         B        C        D         E       F
            +---------+---------+-------+---------+---------+-------
      Total |     445 |      87 |  16.4 |      80 |      10 |  11.1
            +---------+---------+-------+---------+---------+-------
        D:1 |      22 |       0 |   0.0 |      13 |       0 |   0.0
        D:2 |     152 |       0 |   0.0 |      30 |       0 |   0.0
        D:3 |     138 |      87 |  38.7 |      24 |      10 |  29.4
        D:4 |     133 |       0 |   0.0 |      13 |       0 |   0.0
            +---------+---------+-------+---------+---------+-------
